[ AOE2 MATCH · #477314914 ]
UnrankedLithuanians vs Mongols
Rival team · WIN
[ REPLAY ANALYSIS · EXTRACTED FROM THE RECORDED GAME ]
Feudal
8:51
Castle
21:36
Imperial
—
| APM avg | 44.8 |
| APM peak | 74 |
| eAPM avg | 22.5 |
| Villagers / military | 36 / 30 |
Focus
⚔️ 47.9% · 🌾 52.1%
Spearman ×14 · Knight ×8 · Skirmisher ×5 · Scout Cavalry ×3
Feudal
7:43
Castle
19:17
Imperial
—
| APM avg | 61.6 |
| APM peak | 123 |
| eAPM avg | 20.5 |
| Villagers / military | 44 / 26 |
Focus
⚔️ 46.9% · 🌾 53.1%
Steppe Lancer ×19 · Scout Cavalry ×5 · Monk ×2
Match map
Initial resources + every placement click. Lines = walls · curves = elevation contours. ◆ gold · ⬟ stone · ● berries · ✦ relic · ◌ wall gap
Your base· Open — opponent sealed themselves in
lmz's base· ✓ Closed at 19:17 · 26t walls · no gate
Smoothed initial terrain · ◌ = detected wall gap · hover for details
Inputs per minute
— __127_Monchito008_Arg - - lmz
Build order — __127_Monchito008_Arg
125 actions detected in the replay
| 0:01 | Create | Villager (Male) |
| 0:01 | Create | Villager (Male) |
| 0:01 | Create | Villager (Male) |
| 0:02 | Create | Villager (Male) |
| 0:02 | Build | House |
| 0:04 | Build | House |
| 0:04 | Create | Villager (Male) |
| 0:04 | Create | Villager (Male) |
| 1:27 | Create | Villager (Male) |
| 1:54 | Build | Lumber Camp |
| 2:05 | Create | Villager (Male) |
| 2:06 | Create | Villager (Male) |
| 2:22 | Create | Villager (Male) |
| 2:51 | Create | Villager (Male) |
| 2:58 | Build | House |
| 3:06 | Create | Villager (Male) |
| 3:06 | Create | Villager (Male) |
| 4:27 | Create | Villager (Male) |
| 4:28 | Create | Villager (Male) |
| 5:10 | Create | Villager (Male) |
| 5:38 | Research | Loom |
| 5:50 | Create | Villager (Male) |
| 5:55 | Build | Mill |
| 6:11 | Create | Villager (Male) |
| 6:38 | Research | Feudal Age |
| 6:39 | Research | Feudal Age |
| 7:43 | Build | Barracks |
| 7:45 | Build | House |
| 7:58 | Build | Palisade Wall |
| 8:51 | Age | Feudal Age |
| 9:01 | Build | Archery Range |
| 9:03 | Create | Spearman |
| 9:06 | Create | Villager (Male) |
| 9:07 | Create | Villager (Male) |
| 9:11 | Research | Double-Bit Axe |
| 9:11 | Research | Double-Bit Axe |
| 9:27 | Create | Spearman |
| 9:28 | Create | Villager (Male) |
| 9:43 | Build | House |
| 9:49 | Create | Skirmisher |
| 9:49 | Create | Skirmisher |
| 10:06 | Build | House |
| 10:16 | Build | Palisade Wall |
| 10:35 | Create | Villager (Male) |
| 10:35 | Create | Villager (Male) |
| 10:47 | Create | Spearman |
| 10:53 | Build | Stable |
| 11:25 | Build | Mining Camp |
| 11:37 | Create | Spearman |
| 11:40 | Create | Skirmisher |
| 11:47 | Create | Villager (Male) |
| 11:48 | Create | Villager (Male) |
| 12:01 | Create | Skirmisher |
| 12:06 | Build | House |
| 12:33 | Create | Spearman |
| 12:44 | Create | Villager (Male) |
| 12:48 | Create | Spearman |
| 12:57 | Create | Spearman |
| 13:00 | Build | Farm |
| 13:01 | Build | Farm |
| 13:01 | Build | Farm |
| 13:06 | Build | Farm |
| 13:14 | Create | Spearman |
| 13:16 | Create | Villager (Male) |
| 13:25 | Build | Palisade Wall |
| 13:45 | Build | Farm |
| 13:46 | Build | Farm |
| 13:46 | Build | Farm |
| 13:46 | Build | Farm |
| 13:52 | Create | Scout Cavalry |
| 13:52 | Create | Scout Cavalry |
| 14:05 | Build | Farm |
| 14:14 | Build | House |
| 14:16 | Create | Villager (Male) |
| 14:31 | Build | Farm |
| 14:45 | Create | Spearman |
| 14:56 | Create | Villager (Male) |
| 15:00 | Build | Farm |
| 15:04 | Build | House |
| 15:10 | Build | Palisade Wall |
| 15:12 | Build | Palisade Wall |
| 15:15 | Build | House |
| 15:16 | Build | Palisade Wall |
| 15:18 | Build | Palisade Wall |
| 15:19 | Build | Palisade Wall |
| 15:31 | Create | Scout Cavalry |
| 15:32 | Create | Villager (Male) |
| 15:43 | Create | Villager (Male) |
| 15:51 | Create | Skirmisher |
| 16:00 | Build | Farm |
| 16:07 | Build | Farm |
| 16:07 | Create | Villager (Male) |
| 16:20 | Build | Palisade Wall |
| 16:30 | Build | Palisade Wall |
| 16:34 | Build | Farm |
| 16:48 | Create | Spearman |
| 16:50 | Create | Villager (Male) |
| 17:27 | Create | Villager (Male) |
| 17:33 | Build | Market |
| 17:47 | Create | Villager (Male) |
| 18:11 | Build | Lumber Camp |
| 18:14 | Build | Farm |
| 18:25 | Create | Spearman |
| 18:31 | Create | Villager (Male) |
| 18:44 | Research | Castle Age |
| 19:10 | Create | Spearman |
| 19:11 | Create | Spearman |
| 19:35 | Build | Lumber Camp |
| 20:02 | Build | House |
| 20:41 | Create | Spearman |
| 20:54 | Research | Gold Mining |
| 20:59 | Build | House |
| 21:36 | Age | Castle Age |
| 21:38 | Create | Knight |
| 21:39 | Create | Knight |
| 21:39 | Create | Knight |
| 21:39 | Create | Knight |
| 21:43 | Build | Stable |
| 21:47 | Build | Monastery |
| 21:57 | Build | Palisade Wall |
| 22:01 | Research | Wheelbarrow |
| 22:05 | Create | Knight |
| 22:06 | Create | Knight |
| 22:29 | Create | Knight |
| 22:29 | Create | Knight |
Build order — lmz
135 actions detected in the replay
| 0:02 | Create | Villager (Male) |
| 0:02 | Create | Villager (Male) |
| 0:02 | Create | Villager (Male) |
| 0:02 | Create | Villager (Male) |
| 0:03 | Build | House |
| 0:05 | Build | House |
| 1:26 | Create | Villager (Male) |
| 1:56 | Create | Villager (Male) |
| 1:56 | Create | Villager (Male) |
| 2:09 | Build | Lumber Camp |
| 2:20 | Create | Villager (Male) |
| 2:20 | Create | Villager (Male) |
| 2:21 | Create | Villager (Male) |
| 2:40 | Create | Villager (Male) |
| 3:22 | Create | Villager (Male) |
| 3:46 | Build | House |
| 3:49 | Build | House |
| 3:52 | Build | Palisade Wall |
| 3:53 | Build | Palisade Wall |
| 4:03 | Create | Villager (Male) |
| 4:31 | Create | Villager (Male) |
| 4:37 | Create | Villager (Male) |
| 5:01 | Build | Mill |
| 5:03 | Create | Villager (Male) |
| 5:33 | Research | Feudal Age |
| 5:35 | Research | Loom |
| 6:02 | Build | Palisade Wall |
| 6:28 | Build | Palisade Wall |
| 6:29 | Build | Palisade Wall |
| 6:49 | Build | Barracks |
| 7:07 | Create | Villager (Male) |
| 7:43 | Age | Feudal Age |
| 7:56 | Build | Stable |
| 8:13 | Research | Double-Bit Axe |
| 8:13 | Research | Double-Bit Axe |
| 8:21 | Create | Villager (Male) |
| 8:35 | Build | Palisade Wall |
| 8:38 | Create | Scout Cavalry |
| 8:51 | Create | Villager (Male) |
| 8:52 | Create | Scout Cavalry |
| 9:05 | Create | Villager (Male) |
| 9:17 | Build | House |
| 9:18 | Build | House |
| 9:36 | Build | Farm |
| 9:38 | Create | Villager (Male) |
| 9:39 | Create | Scout Cavalry |
| 9:49 | Build | House |
| 9:57 | Create | Villager (Male) |
| 10:23 | Create | Scout Cavalry |
| 10:42 | Create | Villager (Male) |
| 10:45 | Research | Horse Collar |
| 10:45 | Research | Horse Collar |
| 10:54 | Build | Palisade Wall |
| 11:00 | Build | Farm |
| 11:06 | Build | Farm |
| 11:09 | Create | Villager (Male) |
| 11:19 | Build | Farm |
| 11:35 | Create | Villager (Male) |
| 11:37 | Create | Scout Cavalry |
| 11:46 | Build | Farm |
| 11:50 | Build | Farm |
| 11:54 | Create | Villager (Male) |
| 12:17 | Create | Villager (Male) |
| 12:33 | Build | Farm |
| 12:51 | Create | Villager (Male) |
| 12:54 | Build | Mining Camp |
| 12:58 | Build | Farm |
| 12:59 | Create | Villager (Male) |
| 13:03 | Build | Farm |
| 13:06 | Build | Farm |
| 13:20 | Create | Villager (Male) |
| 13:48 | Build | Lumber Camp |
| 13:48 | Create | Villager (Male) |
| 13:53 | Build | Farm |
| 14:03 | Build | Farm |
| 14:12 | Create | Villager (Male) |
| 14:30 | Create | Villager (Male) |
| 14:44 | Build | House |
| 14:53 | Create | Villager (Male) |
| 15:31 | Build | Farm |
| 15:45 | Build | Farm |
| 15:47 | Create | Villager (Male) |
| 15:56 | Build | Blacksmith |
| 16:11 | Create | Villager (Male) |
| 16:25 | Build | Farm |
| 16:36 | Research | Castle Age |
| 16:36 | Research | Castle Age |
| 16:50 | Build | Stable |
| 16:57 | Research | Gold Mining |
| 17:26 | Research | Wheelbarrow |
| 17:49 | Research | Bloodlines |
| 17:56 | Build | Farm |
| 18:00 | Build | House |
| 18:01 | Build | House |
| 18:08 | Build | Farm |
| 18:10 | Build | Farm |
| 18:17 | Create | Villager (Male) |
| 18:22 | Research | Forging |
| 19:00 | Research | Scale Barding Armor |
| 19:07 | Build | House |
| 19:11 | Build | Farm |
| 19:17 | Age | Castle Age |
| 19:18 | Create | Steppe Lancer |
| 19:18 | Create | Steppe Lancer |
| 19:27 | Create | Steppe Lancer |
| 19:27 | Create | Steppe Lancer |
| 19:32 | Create | Steppe Lancer |
| 19:48 | Build | Monastery |
| 19:53 | Research | Bow Saw |
| 19:53 | Research | Bow Saw |
| 20:17 | Create | Steppe Lancer |
| 20:17 | Create | Steppe Lancer |
| 20:18 | Create | Steppe Lancer |
| 20:35 | Create | Monk |
| 20:35 | Create | Monk |
| 20:44 | Create | Villager (Male) |
| 20:51 | Create | Steppe Lancer |
| 20:51 | Create | Steppe Lancer |
| 20:51 | Create | Steppe Lancer |
| 21:09 | Create | Steppe Lancer |
| 21:09 | Create | Steppe Lancer |
| 21:16 | Create | Villager (Male) |
| 21:18 | Build | Farm |
| 21:43 | Create | Steppe Lancer |
| 21:44 | Create | Steppe Lancer |
| 21:44 | Create | Villager (Male) |
| 21:44 | Create | Villager (Male) |
| 22:08 | Create | Steppe Lancer |
| 22:08 | Create | Steppe Lancer |
| 22:14 | Build | Town Center |
| 22:15 | Create | Villager (Male) |
| 22:23 | Create | Villager (Male) |
| 22:32 | Create | Steppe Lancer |
| 22:32 | Create | Steppe Lancer |
| 22:32 | Create | Villager (Male) |
Match timeline
| 3:52 | lmz · wall_segment Palisade Wall x6 |
| 3:53 | lmz · wall_segment Palisade Wall x1 |
| 6:02 | lmz · wall_segment Palisade Wall x4 |
| 6:28 | lmz · wall_segment Palisade Wall x1 |
| 6:29 | lmz · wall_segment Palisade Wall x1 |
| 6:49 | lmz · first_building Barracks |
| 7:43 | lmz · age_up feudal |
| 7:43 | __127_Monchito008_Arg · first_building Barracks |
| 7:56 | lmz · first_building Stable |
| 7:58 | __127_Monchito008_Arg · wall_segment Palisade Wall x1 |
| 8:35 | lmz · wall_segment Palisade Wall x5 |
| 8:51 | __127_Monchito008_Arg · age_up feudal |
| 9:01 | __127_Monchito008_Arg · first_building Archery Range |
| 10:16 | __127_Monchito008_Arg · wall_segment Palisade Wall x1 |
| 10:53 | __127_Monchito008_Arg · first_building Stable |
| 10:54 | lmz · wall_segment Palisade Wall x8 |
| 13:25 | __127_Monchito008_Arg · wall_segment Palisade Wall x1 |
| 15:10 | __127_Monchito008_Arg · wall_segment Palisade Wall x1 |
| 15:12 | __127_Monchito008_Arg · wall_segment Palisade Wall x1 |
| 15:16 | __127_Monchito008_Arg · wall_segment Palisade Wall x1 |
| 15:18 | __127_Monchito008_Arg · wall_segment Palisade Wall x1 |
| 15:19 | __127_Monchito008_Arg · wall_segment Palisade Wall x1 |
| 16:20 | __127_Monchito008_Arg · wall_segment Palisade Wall x1 |
| 16:30 | __127_Monchito008_Arg · wall_segment Palisade Wall x1 |
| 18:33 | __127_Monchito008_Arg · first_market_buy 100 food |
| 18:39 | __127_Monchito008_Arg · first_market_sell 100 stone |
| 19:17 | lmz · age_up castle |
| 19:48 | lmz · first_building Monastery |
| 21:36 | __127_Monchito008_Arg · age_up castle |
| 21:47 | __127_Monchito008_Arg · first_building Monastery |
| 21:57 | __127_Monchito008_Arg · wall_segment Palisade Wall x1 |
| 22:39 | __127_Monchito008_Arg · resign |
[ AI ANALYSIS · 1 CREDIT ]
What really happened in this match?
Wolo.gg analyzes every decision: build order, eco, micro, common mistakes by bracket. Personalized analysis on WhatsApp or Discord in 30 seconds.
Civ guide
Lithuanians
Perfil
Jugador #3168534